Map: Submarine LE

Players

Zhumamurat

  • Race: Protoss Protoss
  • League: Platinum
  • Spawn Location: 5:00

DANKCRAFT - Winner!

  • Race: Zerg Zerg
  • League: Diamond
  • Spawn Location: 11:00

VOD

Have the link to the VOD?

Description

Time

  • Played on: July 30, 2020, 5:07 p.m.
  • Length: 7:25
Show
View Real Time Build Order
Export as new Build Order

Zhumamurat Protoss 

Build Orders:  

Get SALT Encoding   

  12  0:02  Probe  
  13  0:14  Pylon  
  13  0:20  Probe  
  14  0:32  Probe  
  15  0:37  Gateway  
  15  0:43  Assimilator  
  15  0:46  Probe  
  16  0:58  Assimilator  
  16  0:59  Probe (Chrono Boost)  
  17  1:10  Probe (Chrono Boost)  
  18  1:15  Probe (Chrono Boost)  
  19  1:23  Gateway  
  19  1:25  Cybernetics Core, Probe  
  20  1:27  Cybernetics Core  
  20  1:36  Gateway  
  20  1:45  Probe  
  21  1:49  Zealot (Chrono Boost)  
  23  2:29  Pylon  
  23  2:43  Nexus  
  23  2:47  Probe  
  24  2:59  Probe  
  25  3:07  Stargate  
  25  3:10  Stalker x2  
  25  3:11  Probe  
  30  3:37  Assimilator  
  30  3:49  Pylon  
  30  3:54  Void Ray (Chrono Boost)  
  30  3:55  Sentry  
  32  4:02  Pylon  
  36  4:07  Cybernetics Core  
  34  4:21  Robotics Facility  
  34  4:43  Oracle (Chrono Boost), Probe  
  35  4:47  Probe  
  35  4:50  Stalker  
  41  4:57  Stalker  
  40  5:26  Stalker  
  40  5:31  Probe  
  40  5:32  Observer (Chrono Boost)  
  40  5:33  Probe  
  41  5:43  Probe  
  41  5:45  Probe  
  41  5:48  Stalker  
  40  6:37  Zealot  
Show
View Real Time Build Order
Export as new Build Order

DANKCRAFT Zerg - Winner!

Build Orders: Pool First 

Get SALT Encoding   

  12  0:01  Drone  
  13  0:08  Drone  
  14  0:17  Overlord  
  14  0:36  Drone x3  
  17  0:51  Spawning Pool  
  17  0:56  Extractor  
  15  0:57  Drone  
  16  1:13  Drone x2  
  18  1:21  Drone  
  19  1:45  Hatchery  
  18  1:48  Hatchery  
  18  1:53  Drone x2  
  19  1:58  Drone  
  20  2:08  Drone  
  20  2:12  Extractor  
  20  2:27  Roach Warren  
  19  2:34  Burrow  
  19  2:35  Drone x2  
  21  2:47  Drone  
  21  2:51  Overlord  
  22  2:57  Spine Crawler  
  25  3:20  Roach x5  
  25  3:22  Roach  
  25  3:25  Overlord  
  33  3:32  Overlord  
  33  3:39  Overlord  
  33  3:53  Roach x3  
  35  4:03  Roach x4  
  41  4:13  Roach x2  
  41  4:15  Roach  
  45  4:24  Roach x3  
  47  4:37  Roach x8  
  47  4:43  Queen x2  
  51  4:51  Roach  
  51  4:53  Overlord  
  51  5:09  Roach x3  
  51  5:17  Roach x3  
  51  5:32  Queen x2  
  51  5:34  Roach x3  
  55  5:47  Roach x3  
  49  6:15  Roach x3  
  49  6:16  Queen x2  
  53  6:26  Roach x2  
  55  6:52  Roach  
Tags
 
Add a new tag
Caveats
  • Supply blocks, unpowered buildings, or Contaminate may cause inaccurate times.
  • Supply counts are checked every 10 seconds.